 Dungeon Crawl Stone Soup version 0.30-a0-989-g0d87f670db (webtiles) character file.

Game seed: 9530074626254302070

70389 xian the Reanimator (level 14, -6/94 (98) HPs)
             Began as a Demonspawn Necromancer on Apr 3, 2023.
             Was a Believer of Yredelemnul.
             Killed by divine providence
             ... invoked by an orc high priest
              (15 damage)
             ... on level 2 of the Orcish Mines.
             The game lasted 01:29:20 (17989 turns).

xian the Reanimator (Demonspawn Necromancer)       Turns: 17989, Time: 01:29:21

HP:   -6/94 (98)    AC: 17    Str: 12    XL:     14   Next: 93%
MP:   33/37         EV: 11    Int: 23    God:    Yredelemnul [**....]
Gold: 1395          SH: 11    Dex: 14    Spells: 12/34 levels left

rFire   . . .      SeeInvis +    X - +6 war axe of Winiymul {heavy, Fragile rPois Str+2 Stlth+}
rCold   + . .      Faith    .    s - +0 kite shield
rNeg    . . .      Spirit   .    x - +1 ring mail "Jerphev" {Stlth+}
rPois   +          Reflect  .    I - +2 helmet {Int+3}
rElec   .          Rampage  +    G - +0 cloak {rCorr}
rCorr   +                        K - +0 pair of gloves
Will    +....                    Y - +1 pair of boots {rampage}
Stlth   ++++                     D - amulet of the Cockroach {rC+ Regen+}
HPRegen 1.15/turn                p - ring of see invisible
MPRegen 0.25/turn                m - ring of magical power

@: ice-armoured, corroded, freezing walls, lightly drained
A: yellow scales 2, ignite blood 2, spiny 1, weakness stinger 1
a: Renounce Religion, Recall Undead Harvest, Dark Bargain


You were on level 2 of the Orcish Mines.
You worshipped Yredelemnul.
Yredelemnul was noncommittal.
You visited 4 branches of the dungeon, and saw 20 of its levels.
You also visited: Bailey.

You collected 2115 gold pieces.
You spent 720 gold pieces at shops.

Inventory:

Hand Weapons
 L - the +4 spear of Patterns {heavy, rElec rPois}
   (You found it on level 8 of the Dungeon)

   rElec:     It insulates you from electricity.
   rPois:     It protects you from poison.
 X - the +6 war axe of Winiymul (weapon) {heavy, Fragile rPois Str+2 Stlth+}
   (You found it on level 3 of the Lair of Beasts)

   Str:       It affects your strength (+2).
   rPois:     It protects you from poison.
   Fragile:   It will be destroyed if unequipped.
   Stlth:     It makes you more stealthy.
Missiles
 u - a throwing net
Armour
 j - the +1 leather armour of the Gloaming {rElec Str+5 Int-4}
   (You found it on level 2 of the Dungeon)

   Str:       It affects your strength (+5).
   Int:       It affects your intelligence (-4).
   rElec:     It insulates you from electricity.
 s - a +0 kite shield (worn)
 x - the +1 ring mail "Jerphev" (worn) {Stlth+}
   (You found it on level 4 of the Dungeon)

   Stlth:     It makes you more stealthy.
 G - a +0 cloak of preservation (worn)
 I - a +2 helmet of intelligence (worn)
 K - a +0 pair of gloves (worn)
 Y - a +1 pair of boots of rampaging (worn)
Magical Staves
 R - a staff of conjuration
Jewellery
 k - an amulet of reflection
 m - a ring of magical power (right hand)
 o - a ring of flight
 p - a ring of see invisible (left hand)
 D - the amulet of the Cockroach (around neck) {rC+ Regen+}
   (You found it on level 5 of the Dungeon)

   [amulet of regeneration]

   rC:        It protects you from cold.
   Regen:     It increases your rate of health regeneration.
Wands
 n - a wand of polymorph (6)
 r - a wand of paralysis (10)
 E - a wand of flame (33)
 J - a wand of roots (10)
 S - a wand of mindburst (10)
 V - a wand of digging (4)
 W - a wand of quicksilver (3)
Scrolls
 d - 2 scrolls of magic mapping
 e - 5 scrolls of immolation
 g - 7 scrolls of vulnerability
 h - 6 scrolls of poison
 i - 6 scrolls of teleportation
 l - 2 scrolls of enchant armour
 q - 3 scrolls of enchant weapon
 y - 5 scrolls of fear
 A - 3 scrolls of fog
 N - 2 scrolls of blinking
Potions
 a - 3 potions of heal wounds
 b - 2 potions of magic
 c - 10 potions of curing
 f - 2 potions of cancellation
 v - 2 potions of flight
 w - 2 potions of lignification
 B - 7 potions of haste
 C - a potion of berserk rage
 F - 6 potions of might
 M - a potion of experience
 P - a potion of resistance
 Q - a potion of invisibility
 Z - a potion of mutation
Miscellaneous
 t - a piece from Xom's chessboard (15/15)


   Skills:
 + Level 5.0 Fighting
 + Level 2.4 Short Blades
 * Level 6.3(7.8) Axes
 - Level 6.9(8.1) Polearms
 + Level 0.3 Throwing
 * Level 10.1 Armour
 + Level 5.4 Dodging
 + Level 3.7 Stealth
 * Level 9.8 Shields
 + Level 10.8 Spellcasting
 + Level 11.9 Necromancy
 * Level 9.2 Ice Magic
 + Level 1.5 Invocations


You had 12 spell levels left.
You knew the following spells:

 Your Spells              Type           Power      Damage    Failure   Level
a - Necrotise             Necr           100%       1d9       1%          1
b - Vampiric Draining     Necr           61%        2d10      1%          3
c - Agony                 Necr           61%        N/A       4%          5
d - Animate Dead          Necr           61%        N/A       1%          4
e - Kiss of Death         Conj/Necr      100%       2d13      1%          1
f - Cigotuvi's Dreadful   Necr/Pois/Air  60%        N/A       7%          2
g - Frozen Ramparts       Ice            100%       1d16      1%          3
h - Ozocubu's Armour      Ice            53%        N/A       1%          3

Your spell library contained the following spells:

 Spells                   Type           Power      Damage    Failure   Level
 Freeze                   Ice            100%       1d10      1%          1
 Sublimation of Blood     Necr           61%        N/A       1%          2
 Hailstorm                Conj/Ice       33%        3d8       11%         3
 Magic Dart               Conj           48%        1d5       22%         1
 Slow                     Hex            48%        N/A       22%         1
 Poisonous Vapours        Pois/Air       24%        N/A       34%         2
 Searing Ray              Conj           24%        2d5       34%         2
 Static Discharge         Conj/Air       24%        2-3/arc   34%         2
 Borgnjor's Vile Clutch   Necr/Erth      19%        N/A       50%         5
 Call Canine Familiar     Summ           12%        N/A       56%         3
 Confusing Touch          Hex            12%        N/A       56%         3
 Dazzling Flash           Conj/Hex       24%        N/A       56%         3
 Kindle Blastsparks       Fire/Tloc/Air  24%        2d12      56%         3
 Mephitic Cloud           Conj/Pois/Air  12%        N/A       56%         3
 Portal Projectile        Hex/Tloc       24%        N/A       56%         3
 Vhi's Electric Charge    Tloc/Air       24%        N/A       56%         3
 Freezing Cloud           Conj/Ice/Air   13%        6-21      87%         5
 Fulminant Prism          Conj/Hex       6%         3d6       92%         4
 Iskenderun's Mystic Bla  Conj/Tloc      12%        2d5       92%         4
 Leda's Liquefaction      Hex/Erth       6%         N/A       92%         4
 Petrify                  Tmut/Erth      12%        N/A       92%         4
 Alistair's Intoxication  Tmut/Pois      8%         N/A       99%         5
 Arcjolt                  Conj/Air       6%         1d16      99%         5
 Irradiate                Conj/Tmut      6%         3d13      99%         5
 Lee's Rapid Deconstruct  Erth           6%         3d6*      99%         5
 Plasma Beam              Fire/Air       6%         2x1d12    99%         5
 Silence                  Hex/Air        6%         N/A       99%         5
 Summon Forest            Summ/Tloc      6%         N/A       99%         5
 Ozocubu's Refrigeration  Ice            26%        4d13      99%         7
 Eringya's Noxious Bog    Tmut/Pois      6%         N/A       100%        6
 Summon Hydra             Summ           6%         N/A       100%        7
 Polar Vortex             Ice            26%        N/A       100%        9
 Simulacrum               Ice/Necr       Unusable   N/A       N/A         6

Dungeon Overview and Level Annotations

Branches:
Dungeon (12/15)            Temple (1/1) D:5            Lair (5/5) D:11
 Shoals (0/4) Lair:3       Spider (0/4) Lair:2        Slime (0/5) Lair:4
    Orc (2/2) D:12         Bailey (visited)
    Elf: Orc:2

Altars:
Ashenzari
Cheibriados
Dithmenos
Fedhas
Gozag
Kikubaaqudgha
Makhleb
Nemelex Xobeh
Okawaru
Qazlal
Ru
Sif Muna
Trog
Uskayaw
Vehumet
Wu Jian
Xom
Yredelemnul
Jiyva

Shops:
D:6 *[   D:8 ?   D:9 [


Innate Abilities, Weirdness & Mutations

You are mostly covered in yellow scales. (AC +3)
Your demonic aura often causes spilled blood to erupt in flames.
You are partially covered in sharp spines.
You have a small tail.


Message History

The wall freezes the orc knight but does no damage.
The orc knight is struck by your spines.
The orc knight hits you with a +0 war axe!!
* * * LOW HITPOINT WARNING * * *
The wall freezes the orc wizard!
Your orc warrior zombie closely misses the orc wizard.
You closely miss the orc knight.
Your tail-slap misses the orc knight.
The orc knight is almost dead.
You closely miss the orc wizard.
The orc knight is engulfed in blazing flames.
You kill the orc knight!
Your orc sorcerer zombie resists with significant effort.
The wall freezes the orc wizard!
You kill the orc wizard!
The dead are walking!
The wall freezes the orc knight.
The orc knight unwields a +0 halberd.
The orc knight wields a +0 arbalest.
The orc knight shoots a bolt.
You block the bolt.
An orc high priest comes into view. It is wielding a +0 long sword.
An orc wizard comes into view. It is wielding a +0 dagger.
The wall freezes the orc knight.
The orc knight shoots a bolt.
The bolt hits you!
* * * LOW HITPOINT WARNING * * *
You can now trade souls for undead servants.
An orc knight comes into view. It is wielding a +0 great sword.
You feel much better.
Your orc sorcerer zombie barely misses the orc knight.
An orc high priest comes into view. It is wielding a +0 short sword.
The orc sorcerer gestures at you while chanting.
The bolt of negative energy hits your orc sorcerer zombie.
Your orc sorcerer zombie completely resists.
The bolt of negative energy hits your orc warrior zombie.
Your orc warrior zombie completely resists.
The bolt of negative energy hits you!!
You feel drained.
* * * LOW HITPOINT WARNING * * *
The orc knight roars a battlecry!
The orc knight goes into a battle-frenzy!
The orc high priest invokes the aid of Beogh against you.
Beogh smites you!
You die...
Your body rises from the dead as a mindless zombie.

....## ..o...
.o÷...##
.oo÷.## ooo..#
#oZ.## #Z).#
##)@.#
###.Z..#
#######.....##
#......)...##
##...).)...##
##........###
## #.)......##
.####.)))..##
..# ##)#..##


You could see 2 orc knights, 2 orc high priests, an orc sorcerer (strong, ally
target), an orc warrior (strong), an orc priest (strong), an orc wizard
(strong), a friendly orc warrior zombie, a friendly orc wizard zombie and a
friendly orc sorcerer zombie.

Vanquished Creatures
  3 two-headed ogres
  2 hydras
  3 catoblepae (Lair:5)
  A boulder beetle (Lair:2)
  10 death yaks
  2 skysharks
  A bog body (Lair:3)
  2 lindwurms
  2 orc knights (Orc:2)
  2 ugly things
  2 orc sorcerers (Orc:2)
  3 manticores
  A cyclops (D:11)
  6 black mambas
  11 elephants
  A merfolk siren (Lair:3)
  A molten gargoyle (Lair:4)
  6 cane toads
  Maggie (D:8)
  A torpor snail (Lair:5)
  A death yak zombie (Lair:5)
  8 komodo dragons
  A rime drake (Lair:3)
  2 ice devils (Lair:3)
  2 trolls
  A hornet (D:8)
  4 polar bears
  Prince Ribbit (D:5)
  6 dream sheep (Lair:5)
  3 blink frogs (Lair:1)
  Grinder (D:3)
  2 black mamba zombies
  A spectral ice devil (Lair:3)
  4 wraiths
  5 wyverns
  46 yaks
  A vampire (D:9)
  5 basilisks
  A steam dragon (D:9)
  A two-headed ogre zombie (D:10)
  12 water moccasins
  5 acid dragons
  A skyshark zombie (Lair:2)
  A black bear (D:6)
  2 dream sheep zombies (Lair:5)
  3 elephant zombies
  13 orc warriors
  A lindwurm zombie (Lair:5)
  An ice beast (D:7)
  3 ogres
  A centaur (D:8)
  13 wolves
  2 komodo dragon zombies
  A phantom (D:5)
  4 gnoll sergeants
  11 bullfrogs
  3 scorpions
  4 water moccasin zombies
  4 wights
  6 yak zombies
  12 killer bees
  An electric eel (D:7)
  10 howler monkeys
  3 wolf zombies
  4 lava snakes (Lair:4)
  A bullfrog zombie (Lair:4)
  3 jellies
  14 orc priests
  6 hounds
  3 iguanas
  3 hell rats (Lair:3)
  11 orc wizards
  A polar bear simulacrum (Lair:3)
  4 killer bee zombies
  2 hound zombies (D:10)
  Robin (D:3)
  4 hell rat zombies (Lair:3)
  20 gnolls
  6 adders
  A naga simulacrum (Lair:3)
  A shadow imp (D:4)
  2 white imps
  3 gnoll zombies
  2 lava snake zombies (Lair:4)
  A worm (D:2)
  6 dart slugs
  57 orcs
  4 ball pythons
  3 endoplasms
  3 giant cockroaches
  14 goblins
  5 hobgoblins
  6 jackals
  5 quokkas
  2 bats
  A frilled lizard (D:2)
  8 kobolds
  9 orc zombies
  A rat (D:1)
491 creatures vanquished.

Vanquished Creatures (collateral kills)
  A hydra (Lair:3)
  2 death yaks (Lair:5)
  Nergalle (D:10)
  A manticore (Lair:5)
  9 elephants
  A black mamba (Lair:5)
  A molten gargoyle (Lair:4)
  3 cane toads
  An ice statue (Lair:3)
  A rime drake (Lair:3)
  3 komodo dragons
  A polar bear (Lair:5)
  2 blink frogs (Lair:1)
  A basilisk (Lair:2)
  15 yaks
  A steam dragon (D:8)
  2 redbacks (Lair:2)
  2 water moccasins
  2 sky beasts
  An orc warrior (D:12)
  An ogre (Orc:1)
  A wolf (Lair:3)
  A bullfrog (Lair:3)
  3 wights (D:9)
  3 killer bees
  An elephant simulacrum (Lair:3)
  A howler monkey (D:9)
  A lava snake (Lair:4)
  A gnoll bouda (D:8)
  4 orc priests
  A hound (D:6)
  2 orc wizards
  4 hell rats (Lair:3)
  A polar bear simulacrum (Lair:3)
  A troll simulacrum (Lair:3)
  2 gnolls
  An ufetubus (D:7)
  5 orcs
  A hobgoblin (D:2)
  2 jackals (D:1)
  A bat (D:1)
  A bush (Lair:3)
90 creatures vanquished.

Vanquished Creatures (others)
  An ugly thing zombie (D:12)
  A death yak zombie (Lair:5)
  4 black mamba zombies
  A spectral ice devil (Lair:3)
  3 cane toad zombies
  9 elephant zombies
  A lindwurm zombie (Lair:1)
  2 manticore zombies
  A blink frog zombie (Lair:1)
  A komodo dragon zombie (Lair:1)
  2 wyvern zombies
  2 water moccasin zombies
  12 yak zombies
  A polar bear zombie (Lair:5)
  2 wolf zombies
  5 bullfrog zombies
  A jelly (D:7)
  A centaur zombie (D:8)
  An orc wizard (Orc:2)
  A killer bee zombie (D:9)
  An ogre zombie (Orc:1)
  A sky beast zombie (D:7)
  A hound zombie (D:5)
  A hell rat zombie (Lair:3)
  4 howler monkey zombies
  A shadow imp (D:8)
  A jelly zombie (D:7)
  A spectral shadow imp (D:8)
  3 gnoll zombies (Bailey)
  19 orc zombies
  A spectral ufetubus (D:7)
  39 fungi
  41 plants
166 creatures vanquished.

Grand Total: 747 creatures vanquished

Notes
Turn   | Place    | Note
-------+----------+-------------------------------------------
     0 | D:1      | xian the Demonspawn Necromancer began the quest for the
                  | Orb.
     0 | D:1      | Reached XP level 1. HP: 13/13 MP: 3/3
   307 | D:1      | Gained mutation: You are partially covered in yellow
                  | scales. (AC +2) [demonic ancestry]
   307 | D:1      | Reached XP level 2. HP: 19/19 MP: 0/5
   430 | D:1      | Reached skill level 5 in Necromancy
  1010 | D:2      | Gained mutation: You are mostly covered in yellow scales.
                  | (AC +3) [demonic ancestry]
  1010 | D:2      | Reached XP level 3. HP: 13/24 MP: 1/6
  1018 | D:2      | Identified the +1 leather armour of the Gloaming {rElec
                  | Str+5 Int-4}
  1072 | D:2      | Learned a level 3 spell: Vampiric Draining
  1531 | D:2      | Found a faded altar of an unknown god.
  1542 | D:2      | Got Plato's Papyrus of Blasphemous Deeds
  1889 | D:3      | Noticed Robin
  1911 | D:3      | Gained mutation: You are partially covered in sharp spines.
                  | [demonic ancestry]
  1911 | D:3      | Reached XP level 4. HP: 19/31 MP: 0/7
  1923 | D:3      | Killed Robin
  2024 | D:3      | Found a sacrificial altar of Ru.
  2514 | D:3      | Reached skill level 6 in Necromancy
  2552 | D:3      | Noticed Grinder
  2581 | D:3      | Killed Grinder
  2582 | D:3      | Reached skill level 1 in Armour
  2582 | D:3      | Gained mutation: Your demonic aura sometimes causes spilled
                  | blood to erupt in flames. [demonic ancestry]
  2582 | D:3      | Reached XP level 5. HP: 18/36 MP: 10/10
  2582 | D:3      | Gained mutation: You have a small tail. [demonic ancestry]
  2582 | D:3      | Reached XP level 6. HP: 21/42 MP: 11/11
  3492 | D:4      | Found a shadowy altar of Dithmenos.
  3503 | D:4      | Reached XP level 7. HP: 47/47 MP: 13/13
  3525 | D:4      | Identified the +1 ring mail "Jerphev" {Stlth+}
  3760 | D:5      | Entered Level 5 of the Dungeon
  3767 | D:5      | Learned a level 5 spell: Agony
  3772 | D:5      | Learned a level 4 spell: Animate Dead
  3815 | D:5      | Reached skill level 1 in Fighting
  3815 | D:5      | Reached skill level 1 in Short Blades
  3815 | D:5      | Reached skill level 7 in Necromancy
  3829 | D:5      | Found a staircase to the Ecumenical Temple.
  3845 | Temple   | Entered the Ecumenical Temple
  3857 | Temple   | Became a worshipper of Yredelemnul the Dark
  3883 | D:5      | Noticed Prince Ribbit
  3910 | D:5      | Killed Prince Ribbit
  3933 | D:5      | Identified the amulet of the Cockroach {rC+ Regen+}
  4107 | D:5      | Reached skill level 5 in Spellcasting
  4196 | D:5      | Reached XP level 8. HP: 51/54 MP: 15/15
  4391 | D:5      | Reached * piety under Yredelemnul
  4506 | D:6      | Found Emoucud's Armour Emporium.
  4514 | D:6      | Bought a +2 helmet of intelligence for 258 gold pieces
  4688 | D:6      | Reached skill level 1 in Shields
  4689 | D:6      | Found a stormy altar of Qazlal.
  4870 | D:6      | Found an opulent altar of Gozag.
  4886 | D:6      | Found Gozag's Platinum Reserve.
  5530 | D:7      | Noticed a purple ugly thing
  5551 | D:7      | Killed a purple ugly thing
  5552 | D:7      | Reached skill level 8 in Necromancy
  5601 | D:7      | Reached ** piety under Yredelemnul
  5923 | D:7      | Reached XP level 9. HP: 59/59 MP: 18/18
  6051 | D:7      | Reached *** piety under Yredelemnul
  6063 | D:7      | Learned a level 1 spell: Kiss of Death
  6066 | D:7      | Learned a level 2 spell: Cigotuvi's Dreadful Rot
  6087 | D:8      | Found a flagged portal.
  6093 | D:8      | Identified the +4 spear of Patterns {heavy, rElec rPois}
  6111 | Bailey   | Entered a bailey
  6378 | Bailey   | Reached skill level 5 in Shields
  6378 | Bailey   | Reached skill level 9 in Necromancy
  6378 | Bailey   | Gained mutation: Your demonic aura often causes spilled
                  | blood to erupt in flames. [demonic ancestry]
  6378 | Bailey   | Reached XP level 10. HP: 63/63 MP: 20/21
  6383 | Bailey   | Learned a level 3 spell: Frozen Ramparts
  6385 | Bailey   | Reached skill level 10 in Necromancy
  6385 | Bailey   | Reached skill level 5 in Ice Magic
  6385 | Bailey   | Reached XP level 11. HP: 71/71 MP: 22/22
  6713 | D:8      | Noticed Maggie
  6723 | D:8      | Killed Maggie
  6750 | D:8      | Noticed a two-headed ogre
  6757 | D:8      | Noticed a two-headed ogre
  6759 | D:8      | Killed a two-headed ogre
  6763 | D:8      | Killed a two-headed ogre
  7081 | D:8      | Found Qyti Sugh's Magic Scroll Emporium.
  7089 | D:8      | Bought a scroll of identify for 30 gold pieces
  7665 | D:9      | Found Kueczanadi's Antique Armour Shop.
  7704 | D:9      | Reached skill level 5 in Polearms
  8600 | D:10     | Entered Level 10 of the Dungeon
  8666 | D:10     | Found a sparkling altar of Nemelex Xobeh.
  8707 | D:10     | Reached XP level 12. HP: 65/81 MP: 24/24
  8761 | D:10     | Reached **** piety under Yredelemnul
  8813 | D:10     | Noticed a two-headed ogre
  8824 | D:10     | Killed a two-headed ogre
  8825 | D:10     | Reached ***** piety under Yredelemnul
  9111 | D:10     | Found a bloodstained altar of Trog.
  9162 | D:10     | Reached ****** piety under Yredelemnul
  9265 | D:10     | Noticed Nergalle
  9284 | D:10     | Killed Nergalle
  9686 | D:9      | Bought a runed cloak for 270 gold pieces
  9686 | D:9      | Bought a pair of boots for 162 gold pieces
 10284 | D:11     | Found a staircase to the Lair.
 10895 | Lair:1   | Entered Level 1 of the Lair of Beasts
 11044 | Lair:1   | Reached skill level 11 in Necromancy
 12312 | Lair:2   | Reached XP level 13. HP: 86/86 MP: 24/26
 12735 | Lair:2   | Found a hole to the Spider Nest.
 13108 | Lair:2   | Learned a level 3 spell: Ozocubu's Armour
 13497 | Lair:3   | Reached skill level 10 in Spellcasting
 13624 | Lair:3   | Found a staircase to the Shoals.
 13698 | Lair:3   | Identified the +6 war axe of Winiymul {heavy, Fragile rPois
                  | Str+2 Stlth+}
 13896 | Lair:3   | Reached skill level 1 in Axes
 14338 | Lair:3   | Reached skill level 5 in Dodging
 14743 | Lair:4   | Reached XP level 14. HP: 92/95 MP: 28/28
 14903 | Lair:4   | Found a viscous altar of Jiyva.
 14903 | Lair:4   | Found a staircase to the Slime Pits.
 15573 | Lair:5   | Entered Level 5 of the Lair of Beasts
 15972 | Lair:5   | Reached skill level 5 in Axes
 16368 | Lair:5   | Reached skill level 1 in Invocations
 16387 | Lair:5   | Reached skill level 10 in Armour
 17347 | D:12     | Found a staircase to the Orcish Mines.
 17368 | Orc:1    | Entered Level 1 of the Orcish Mines
 17368 | Orc:1    | Found an iron altar of Okawaru.
 17737 | Orc:2    | Entered Level 2 of the Orcish Mines
 17983 | Orc:2    | Reached skill level 5 in Fighting
 17984 | Orc:2    | Paralysed by an orc sorcerer for 3 turns
 17989 | Orc:2    | Killed from afar by an orc high priest

Illustrated notes

Levels and vault maps discovered:
D:1:      psy_arrival_radial01, layout_loops_ring
D:2:      layout_rooms, shapermc_ecumenical_altar_rom_forum, serial_forest,
          infiniplex_forest_end_3, infiniplex_forest_lined_corner,
          infiniplex_forest_zigzag_1, infiniplex_forest_lined_room_2,
          infiniplex_forest_end_1, infiniplex_forest_end_2, minmay_puff
D:3:      layout_loops_corners, nicolae_ru_awakened_eye,
          minmay_misc_feat_four_crosses, serial_bayou_pond_a, uniq_robin,
          uniq_grinder
D:4:      layout_basic, mainiacjoe_overflow_small_starburst
D:5:      layout_loops_cross, mainiacjoe_overflow_surrounded_room,
          minmay_temple_entry_drinking_statues, uniq_prince_ribbit1
D:6:      layout_layer_cave, mainiacjoe_overflow_concentric_impassable,
          nicolae_gozag_zags_fifth_avenue, serial_shops, nicolae_shop_stone
D:7:      layout_rooms, minmay_liquid_box, minivault_14
D:8:      layout_gridville, lemuel_tele_altar, zin_scriptorium, serial_shops,
          shop, enter_bailey_2, glass_columns_c, kennysheep_kite_vault,
          uniq_maggie
D:9:      layout_layer_cave, minmay_shop_grid_forest
D:10:     layout_cave_pools, mainiacjoe_overflow_six_doors_small,
          trog_butcher_becter, serial_gnoll_camp, gnoll_camp_mini_hut,
          gnoll_camp_mini_hut, gnoll_camp_mini_loothouse, gnoll_camp_mini_house,
          minmay_increasing_density, uniq_nergalle
D:11:     layout_loops_ring, grunt_lair_entry_orc_guard_hut,
          hangedman_glass_teeth
D:12:     minmay_expanding_circles, layout_loops_ring, hiddenorc1_lemuel,
          serial_shops, kennysheep_little_box, kennysheep_generic_room_13
Temple:   cyrus_circular_temple
Lair:1:   layout_cave_pods
Lair:2:   layout_long_grid, spider_nest_entry_webs
Lair:3:   dreamdust_isle_of_ice, layout_cave_shapes,
          minmay_shoals_entry_lonely_mermaid
Lair:4:   cheibrodos_magma_flow, layout_regular_city, dpeg_slime_entry_enclosed,
          grunt_megastairs_3
Lair:5:   evilmike_catoblepas_cave, layout_cave_pods
Orc:1:    layout_diamond_mine, okawaru_metal_pillars_1_2
Orc:2:    grunt_orc_tribal_feast, layout_diamond_mine, minmay_shop_mass

Skill      XL: |  1  2  3  4  5  6  7  8  9 10 11 12 13 14 |
---------------+-------------------------------------------+-----
Necromancy     | 5 6 7 8 9 10 11 | 11.9
Dodging        | 2 4 5 |  5.4
Armour         | 1 2 4 6 7 8 9 10 | 10.1
Spellcasting   | 3 4 5 6 7 8 9 10 | 10.8
Stealth        | 2 3 |  3.7
Fighting       | 1 2 3 4 5 |  5.0
Short Blades   | 1 2 |  2.4
Shields        | 2 5 6 7 8 9 |  9.8
Polearms       | 2 4 5 6 |  6.9
Ice Magic      | 4 5 6 7 8 9 |  9.2
Axes           | 2 6 |  6.3
Invocations    | 1 |  1.5
Throwing       | |  0.3

Action                     |  1- 3 |  4- 6 |  7- 9 | 10-12 | 13-15 || total
---------------------------+-------+-------+-------+-------+-------++-------
  Melee: Dagger            |    45 |    46 |    23 |       |       ||   114
         Tailslap          |       |     2 |     6 |    11 |    51 ||    70
         Spear             |       |       |       |    91 |    53 ||   144
         War axe           |       |       |       |       |   168 ||   168
  Throw: Throwing net      |       |     3 |       |       |       ||     3
   Cast: Necrotise         |    70 |    45 |   148 |   290 |   119 ||   672
         Vampiric Draining |     1 |     1 |       |     5 |       ||     7
         Animate Dead      |       |       |     2 |       |       ||     2
         Frozen Ramparts   |       |       |       |    15 |    36 ||    51
         Agony             |       |       |       |     3 |     2 ||     5
         Ozocubu's Armour  |       |       |       |       |    23 ||    23
 Invoke: Recall Undead Har |       |       |     2 |     2 |     4 ||     8
    Use: Potion            |       |     4 |     1 |     4 |     4 ||    13
         Scroll            |       |       |       |    17 |     3 ||    20
   Stab: Sleeping          |     2 |     1 |       |     5 |    15 ||    23
         Distracted        |       |       |       |     1 |     2 ||     3
 Armour: Robe              |    22 |       |       |       |       ||    22
         Leather armour    |    42 |    12 |    44 |       |       ||    98
         Ring mail         |       |       |     5 |   176 |   225 ||   406
  Dodge: Dodged            |    75 |    26 |    56 |   128 |   184 ||   469
  Block: Kite shield       |       |       |    42 |   180 |   276 ||   498

Table legend: (Time is in decaauts)
 A = Elapsed time spent in this place.
 B = Non-inter-level travel time spent in this place.
 C = Inter-level travel time spent in this place.
 D = Time resting spent in this place.
 E = Time spent auto-exploring this place.
 F = Levels seen in this place.
 G = Mean time per level.
                   A        B        C        D        E       F      G
               +--------+--------+--------+--------+--------+-----+--------+
         Total |  18227 |  17483 |    744 |      0 |  11674 |  21 |  868.0 |
       Dungeon |  10790 |  10454 |    336 |      0 |   7033 |  12 |  899.2 |
        Temple |     32 |     32 |      0 |      0 |     11 |   1 |   32.0 |
          Lair |   6315 |   5941 |    374 |      0 |   4057 |   5 | 1263.0 |
  Orcish Mines |    651 |    617 |     34 |      0 |    366 |   2 |  325.5 |
        Bailey |    437 |    437 |      0 |      0 |    207 |   1 |  437.0 |
               +--------+--------+--------+--------+--------+-----+--------+

Top non-repeatable levels by time:
  Lair:5: 1475 daAuts
  Lair:1: 1284 daAuts
  Lair:2: 1263 daAuts
  Lair:3: 1245 daAuts
    D:11: 1192 daAuts
     D:9: 1187 daAuts
    D:10: 1097 daAuts
     D:3: 1048 daAuts
  Lair:4: 1046 daAuts
     D:6: 1041 daAuts
     D:1: 992 daAuts
     D:8: 982 daAuts
     D:2: 878 daAuts
     D:4: 836 daAuts
     D:5: 689 daAuts
